 Dungeon Crawl Stone Soup version 0.30-a0-800-g7c544603b3 (webtiles) character file.

Game seed: 2790528865781846582

371 NinjaNoafa the Magician (level 7, 0/76 HPs)
             Began as a Djinni Conjurer on Feb 21, 2023.
             Slain by an ufetubus (4 damage)
             ... on level 5 of the Dungeon.
             The game lasted 00:12:51 (2430 turns).

NinjaNoafa the Magician (Djinni Conjurer)           Turns: 2430, Time: 00:12:51

Health: 0/76       AC: 23    Str:  6    XL:     7   Next: 2%
Gold:   119        EV:  2    Int: 22    God:
                   SH:  5    Dex: 17

rFire   . . .      SeeInvis .    (no weapon)
rCold   . . .      Faith    .    n - +0 buckler
rNeg    . . .      Spirit   .    (body armour currently unavailable)
rPois   ∞          Reflect  .    (helmet currently unavailable)
rElec   .          Harm     .    (cloak currently unavailable)
rCorr   .          Rampage  .    (gloves currently unavailable)
Will    .....      NoTele   +    (boots unavailable)
Stlth   ++                       (no amulet)
HPRegen 0.32/turn                d - +6 ring of dexterity
MPRegen 0.00/turn                (no ring)

@: tree-form, immotile
A: stationary, stasis, torment immunity, boosted hp, sickness immunity, (fire
resistance 2), (cold vulnerability 1), float, innate caster, HP casting, extra
vitality 1
a: no special abilities


You were on level 5 of the Dungeon.
You were a tree.
You visited 2 branches of the dungeon, and saw 6 of its levels.

You collected 119 gold pieces.

Inventory:

Hand Weapons
 b - a +0 short sword
Missiles
 o - 6 boomerangs
 r - 12 poisoned darts
 w - a throwing net
Armour
 a - a +0 robe (melded)
 n - a +0 buckler (worn)
 t - a +0 pair of gloves (melded)
Jewellery
 d - a +6 ring of dexterity (left branch)
Wands
 v - a wand of mindburst (18)
Scrolls
 f - 3 scrolls of identify {unknown}
 g - a scroll of amnesia {unknown}
 h - a scroll of immolation {unknown}
 j - a scroll of magic mapping {unknown}
 k - a scroll of vulnerability {unknown}
 p - 2 scrolls of noise {unknown}
 s - 2 scrolls of fog {unknown}
 u - a scroll of fear {unknown}
Potions
 c - a potion of heal wounds {unknown}
 e - a potion of might {unknown}
 i - 2 potions of brilliance {unknown}
 l - 2 potions of attraction {unknown}
 m - 2 potions of lignification
 q - a potion of mutation {unknown}


   Skills:
 + Level 3.7 Fighting
 - Level 2.1 Dodging
 - Level 1.5 Stealth
 - Level 4.0 Shields
 - Level 4.1 Spellcasting


You knew the following spells:

 Your Spells              Type           Power      Damage    Failure   Level
a - Magic Dart            Conj           88%        1d7       2%          1
b - Searing Ray           Conj           44%        2d6       4%          2
c - Dazzling Flash        Conj/Hex       44%        N/A       8%          3
d - Fulminant Prism       Conj/Hex       11%        3d9       26%         4
e - Iskenderun's Mystic   Conj/Tloc      22%        2d6       26%         4
f - Apportation           Tloc           44%        N/A       2%          1
g - Momentum Strike       Conj/Tloc      44%        3d9       4%          2
h - Call Imp              Summ           22%        N/A       4%          2
Your spell library was empty.

Dungeon Overview and Level Annotations

Branches:
Dungeon (5/15)             Temple (1/1) D:4

Altars:
Dithmenos
Elyvilon
Fedhas
Hepliaklqana
Makhleb
Nemelex Xobeh
Qazlal
Ru
Uskayaw
Wu Jian
Yredelemnul
The Shining One

Shops:
D:1 ?!*?


Innate Abilities, Weirdness & Mutations

You are a tree.
Your roots penetrate the ground, keeping you stationary.
You cannot be teleported.
You are immune to unholy pain and torment.
Your maximum health is greatly increased.
Your equipment is partially melded.
You are immune to sickness and miasma.
You are immune to poison.
((Your flesh is very heat resistant. (rF++)))
((You are vulnerable to cold. (rC-)))
You float through the air rather than walking.
You learn spells naturally, not from books.
Your magical power is your life essence.
You have superior vitality. (+4 MHP)


Message History

t - Shout!
Orders for allies: a - Attack new target. r - Retreat! s - Stop attacking. g - Guard the area. f - Follow me.
Anything else - Cancel.
Gang up on whom?
Press: ? - help, Dir - move target, f - adder
Aim: an adder (blind) Attack!
The adder closely misses you. You block the ufetubus's attack.
The ufetubus misses you.
Your crimson imp misses the ufetubus.
You hit the adder.
The adder is moderately wounded.
The adder is no longer blind.
The ufetubus hits you.
* * * LOW HITPOINT WARNING * * *
The ufetubus hits you.
* * * LOW HITPOINT WARNING * * *
The adder bites you.
* * * LOW HITPOINT WARNING * * *
The ufetubus barely misses you.
The ufetubus hits you but does no damage.
The adder bites you.
* * * LOW HITPOINT WARNING * * *
Your crimson imp hits the ufetubus but does no damage.
It was a potion of lignification.
You turn into a tree.
Your +0 pair of gloves melds into your body.
Your +0 robe melds into your body.
Your roots penetrate the ground.
You block the ufetubus's attack.
The ufetubus hits you but does no damage.
The adder bites you but does no damage.
Your crimson imp closely misses the ufetubus.
The ufetubus hits you but does no damage.
You block the ufetubus's attack.
You are now empty-handed.
The adder bites you but does no damage.
You smack the adder!
You kill the adder!
You block the ufetubus's attack. The ufetubus hits you.
* * * LOW HITPOINT WARNING * * *
Your crimson imp closely misses the ufetubus.
The ufetubus hits you.
You die...

##..###.#### #..
#.# ###### ..#
#.##.....# .. #.
#.#...†...
#.##.###.........
#................
.................
.................
........♣........
........55.......
......!..........
...........†.....
................
..:.............
................
........##.....


You could see an ufetubus (ally target) and a friendly crimson imp (summoned).

Vanquished Creatures
  An ogre (D:4)
  A kobold brigand (D:5)
  4 iguanas
  5 adders
  A worm (D:3)
  3 dart slugs
  9 orcs (D:4)
  4 ball pythons
  7 bats
  5 endoplasms
  3 giant cockroaches
  5 hobgoblins
  3 jackals (D:2)
  9 kobolds
  A quokka (D:2)
  5 frilled lizards
  4 goblins
  3 rats (D:2)
73 creatures vanquished.

Vanquished Creatures (others)
  A fulminant prism (D:4)
  6 plants (D:5)
7 creatures vanquished.

Grand Total: 80 creatures vanquished

Notes
Turn   | Place    | Note
-------+----------+-------------------------------------------
     0 | D:1      | NinjaNoafa the Djinni Conjurer began the quest for the Orb.
     0 | D:1      | NinjaNoafa set off with the following spells memorised:
                  | Magic Dart, Searing Ray, Dazzling Flash, Fulminant Prism,
                  | Iskenderun's Mystic Blast.
     0 | D:1      | Reached XP level 1. HP: 15/15 MP: 0/0
     2 | D:1      | Noticed a meteoran
     2 | D:1      | Noticed a naga
     4 | D:1      | Noticed a draconian
     4 | D:1      | Noticed a human
     6 | D:1      | Noticed a ghoul
     6 | D:1      | Noticed a felid
     8 | D:1      | Noticed a troll
     8 | D:1      | Noticed an octopode
    10 | D:1      | Noticed a vine stalker
    10 | D:1      | Noticed a merfolk
    12 | D:1      | Noticed a demigod
    12 | D:1      | Noticed a gargoyle
    14 | D:1      | Noticed a spriggan
    14 | D:1      | Noticed a minotaur
    16 | D:1      | Noticed a demonspawn
    16 | D:1      | Noticed a tengu
    18 | D:1      | Noticed a formicid
    20 | D:1      | Noticed an ogre
    22 | D:1      | Noticed an elf
    24 | D:1      | Noticed a vampire
    26 | D:1      | Noticed a naga
    26 | D:1      | Noticed an armataur
    66 | D:1      | Found Ippau's Distillery.
    83 | D:1      | Found Vyotesk's Magic Scroll Shop.
   287 | D:1      | Reached XP level 2. HP: 19/21 MP: 0/0
   396 | D:1      | Found Owobba Enwus's Magic Scroll Emporium.
   428 | D:1      | Found Keggypt's General Store.
   700 | D:2      | Reached XP level 3. HP: 17/25 MP: 0/0
   700 | D:2      | Learned a level 1 spell: Apportation
  1361 | D:3      | Reached skill level 1 in Fighting
  1361 | D:3      | Reached skill level 1 in Shields
  1361 | D:3      | Reached XP level 4. HP: 27/32 MP: 0/0
  1874 | D:4      | Noticed an ogre
  1878 | D:4      | Killed an ogre
  1879 | D:4      | Reached XP level 5. HP: 31/37 MP: 0/0
  1879 | D:4      | Learned a level 2 spell: Momentum Strike
  1927 | D:4      | Reached XP level 6. HP: 38/42 MP: 0/0
  2135 | D:4      | Found a staircase to the Ecumenical Temple.
  2174 | Temple   | Entered the Ecumenical Temple
  2275 | D:5      | Entered Level 5 of the Dungeon
  2425 | D:5      | Reached XP level 7. HP: 14/51 MP: 0/0
  2425 | D:5      | Learned a level 2 spell: Call Imp
  2430 | D:5      | Slain by an ufetubus

Illustrated notes

Levels and vault maps discovered:
D:1:      kb_arrival_jail, layout_basic, serial_shops, nicolae_diamond_shop,
          nicolae_shop_temple_entry_statues_fountains, nicolae_lakefront_shop,
          nicolae_shop_trees
D:2:      layout_basic
D:3:      layout_basic
D:4:      layout_rooms, minmay_temple_entry_antechambers
D:5:      layout_rooms, lexackson_kobold_supper
Temple:   eino_temple_lava

Skill      XL: |  1  2  3  4  5  6 |
---------------+-------------------+-----
Spellcasting   | 4 |  4.1
Fighting       | 1 3 |  3.7
Shields        | 1 3 4 |  4.0
Dodging        | |  2.1
Stealth        | |  1.5

Action                     |  1- 3 |  4- 6 |  7- 9 || total
---------------------------+-------+-------+-------++-------
  Melee: Short sword       |     3 |    26 |     1 ||    30
         Unarmed           |       |       |     1 ||     1
   Cast: Magic Dart        |    60 |    25 |       ||    85
         Searing Ray       |     3 |    19 |       ||    22
         Apportation       |       |     1 |       ||     1
         Fulminant Prism   |       |     1 |       ||     1
         Momentum Strike   |       |     8 |       ||     8
         Dazzling Flash    |       |     2 |       ||     2
         Call Imp          |       |       |     1 ||     1
    Use: Potion            |       |       |     1 ||     1
   Stab: Sleeping          |       |     1 |       ||     1
 Armour: Robe              |     3 |     6 |     2 ||    11
         Skin              |       |       |     4 ||     4
  Dodge: Dodged            |     9 |    32 |     5 ||    46
  Block: Buckler           |       |     8 |     4 ||    12

Table legend: (Time is in decaauts)
 A = Elapsed time spent in this place.
 B = Non-inter-level travel time spent in this place.
 C = Inter-level travel time spent in this place.
 D = Time resting spent in this place.
 E = Time spent auto-exploring this place.
 F = Levels seen in this place.
 G = Mean time per level.
                   A        B        C        D        E       F      G
               +--------+--------+--------+--------+--------+-----+--------+
         Total |   2429 |   2066 |    363 |      6 |    385 |   6 |  404.8 |
       Dungeon |   2395 |   2034 |    361 |      6 |    385 |   5 |  479.0 |
        Temple |     34 |     32 |      2 |      0 |      0 |   1 |   34.0 |
               +--------+--------+--------+--------+--------+-----+--------+

Top non-repeatable levels by time:
     D:3: 639 daAuts
     D:1: 615 daAuts
     D:2: 544 daAuts
     D:4: 441 daAuts
     D:5: 154 daAuts
  Temple: 34 daAuts
